Map: Blueshift LE

Players

Soulske

  • Race: Zerg Zerg
  • League: Diamond
  • Spawn Location: 1:00

llIllllIllll - Winner!

  • Race: Protoss Protoss
  • League: Master
  • Spawn Location: 7:00

VOD

Have the link to the VOD?

Description

Time

  • Played on: Jan. 18, 2019, 4:34 p.m.
  • Length: 3:04
Show
View Real Time Build Order
Export as new Build Order

Soulske Zerg 

Build Orders: Hatch First 

Get SALT Encoding   

  12  0:03  Drone  
  13  0:09  Drone  
  14  0:25  Extractor, Drone  
  15  0:33  Overlord  
  15  0:52  Hatchery  
  14  1:16  Spawning Pool  
  14  1:18  Drone x3  
Show
View Real Time Build Order
Export as new Build Order

llIllllIllll Protoss - Winner!

Build Orders:  

Get SALT Encoding   

  12  0:01  Probe  
  13  0:13  Probe  
  14  0:22  Probe  
  15  0:28  Pylon  
  15  0:45  Probe  
  16  0:52  Forge  
  16  0:54  Gateway  
  16  1:06  Probe  
  17  1:13  Pylon  
  18  1:18  Probe  
  18  1:30  Probe  
  18  1:32  Photon Cannon  
  19  1:33  Pylon  
  19  1:35  Pylon  
  19  1:47  Photon Cannon  
  19  1:59  Pylon  
  19  2:04  Pylon  
  19  2:05  Pylon  
  19  2:06  Pylon  
  19  2:14  Photon Cannon  
Tags
 
Add a new tag
Caveats
  • Supply blocks, unpowered buildings, or Contaminate may cause inaccurate times.
  • Supply counts are checked every 10 seconds.